Match 41621821
Unlisted

Match 41621821
End
Pioneer Squad
Construct Infanterie Kompanie
Grenadier Squad
MG 42 Machine Gun Team
Construct Luftwaffe Kompanie
GrW 34 Mortar Team
221 Scout Car
Jäger Squad
Selects Terror Battlegroup
Selects Heavy Gunnery
Support Elements
Jäger Squad
Wirbelwind Flakpanzer
Wirbelwind Flakpanzer
Selects No Quarter
Construct Panzer Kompanie
Side Skirts
Jäger Squad
Jäger Squad
Selects King Tiger Heavy Tank
King Tiger Heavy Tank
Selects Interrogate
Stoßtruppen Squad
Panzer IV Medium Tank
Selects Propaganda Leaflet Drop
Propaganda Leaflet Drop
Jäger Squad
Selects V1 Rocket Strike
V1 Rocket Strike
Luftwaffe Officer Quarters
Propaganda Leaflet Drop
.
はちみつレモン
Меткић'94
wirbelwind
Phan
MajikMouse
kamacura
Penultimate Peacock
0
0

Comments sign in to comment!

No comments posted yet!